 Dungeon Crawl Stone Soup version 0.31-a0-1074-g0b22e4e0f1 (webtiles) character file.

Game seed: 4928225981194549011

10642 bobo the Arsonist (level 11, -8/67 HPs)
             Began as a Deep Elf Fire Elementalist on Oct 29, 2023.
             Was a Priest of Vehumet.
             Killed from afar by a centaur (14 damage)
             ... with a bolt of light
             ... on level 11 of the Dungeon on Dec 6, 2023.
             The game lasted 00:45:43 (11818 turns).

bobo the Arsonist (Deep Elf Fire Elementalist)     Turns: 11818, Time: 00:45:44

Health: -8/67      AC: 12    Str:  7    XL:     11   Next: 38%
Magic:  16/28      EV: 12    Int: 25    God:    Vehumet [***...]
Gold:   562        SH:  0    Dex: 15    Spells: 8/33 levels left

rFire   + . .        c - staff of conjuration
rCold   . . .        (no shield)
rNeg    . . .        D - +2 leather armour {rF+}
rPois   .            K - +2 helmet "Lexett" {Str+2 Stlth+}
rElec   .            e - +2 cloak
rCorr   +            (no gloves)
SInv    .            J - +0 pair of boots
Will    +....        (no amulet)
Stlth   ++           B - ring of flight
HPRegen 0.31/turn    A - ring of resist corrosion
MPRegen 0.21/turn

%: no passive effects
@: confused, flying
A: no striking features
a: Renounce Religion


You were on level 11 of the Dungeon.
You worshipped Vehumet.
Vehumet was most pleased with you.
You visited 2 branches of the dungeon, and saw 12 of its levels.
You also visited: Sewer and Ossuary.

You collected 602 gold pieces.
You spent 40 gold pieces at shops.

Inventory:

Hand Weapons
 p - the +0 sling "Qiur" {flame, rF+ Will+}
   (You found it on level 5 of the Dungeon)

   rF+:       It protects you from fire.
   Will+:     It increases your willpower.
Armour
 e - a +2 cloak (worn)
 C - a +0 pair of boots
 D - a +2 leather armour of fire resistance (worn)
 I - +0 steam dragon scales
 J - a +0 pair of boots (worn)
 K - the +2 helmet "Lexett" (worn) {Str+2 Stlth+}
   (You found it on level 6 of the Dungeon)

   Str+2:     It affects your strength (+2).
   Stlth+:    It makes you more stealthy.
Magical Staves
 c - a staff of conjuration (weapon)
Jewellery
 a - an amulet of faith
 A - a ring of resist corrosion (right hand)
 B - a ring of flight (left hand)
Wands
 o - a wand of light (3)
 q - a wand of digging (5)
 t - a wand of flame (18)
 u - a wand of iceblast (21)
Scrolls
 f - 2 scrolls of fog
 k - 7 scrolls of teleportation
 y - 4 scrolls of fear
 z - 2 scrolls of noise
 E - a scroll of summoning {unknown}
 F - 3 scrolls of amnesia
 G - 2 scrolls of immolation
 H - 3 scrolls of vulnerability
 L - a scroll of acquirement {unknown}
 M - a scroll of enchant weapon {unknown}
 N - 2 scrolls of poison
 O - a scroll of torment {unknown}
Potions
 b - a potion of magic
 d - a potion of might {unknown}
 g - 4 potions of attraction
 h - 2 potions of curing
 i - a potion of berserk rage {unknown}
 j - 4 potions of heal wounds
 l - 4 potions of enlightenment
 m - 2 potions of invisibility {unknown}
 n - 3 potions of mutation
 r - a potion of cancellation {unknown}
 s - a potion of resistance {unknown}
 v - 2 potions of lignification {unknown}
 w - a potion of brilliance {unknown}
 x - a potion of degeneration {unknown}


   Skills:
 + Level 7.1 Fighting
 - Level 2.5 Dodging
 - Level 2.5 Stealth
 + Level 11.5 Spellcasting
 + Level 6.7 Conjurations
 - Level 5.0 Hexes
 - Level 4.0 Translocations
 - Level 12.0 Fire Magic
 + Level 1.4 Earth Magic


You had 8 spell levels left.
You knew the following spells:

 Your Spells              Type           Power      Damage    Failure   Level
a - Foxfire               Conj/Fire      100%       2x1d9     1%          1
b - Iskenderun's Mystic   Conj/Tloc      58%        2d12      1%          4
c - Brom's Barrelling Bo  Conj/Erth      51%        2d7       3%          4
e - Inner Flame           Hex/Fire       54%        N/A       1%          3
r - Searing Ray           Conj           100%       2d8       1%          2
s - Scorch                Fire           100%       2d9       1%          2
w - Flame Wave            Conj/Fire      75%        2d17      1%          4
x - Volatile Blastmotes   Fire/Tloc      100%       2d18      1%          3
z - Freeze                Ice            56%        1d7       1%          1
Z - Sandblast             Erth           42%        2d11      1%          1

Your spell library contained the following spells:

 Spells                   Type           Power      Damage    Failure   Level
 Apportation              Tloc           68%        N/A       1%          1
 Kiss of Death            Conj/Necr      100%       2d13      1%          1
 Jinxbite                 Hex            78%        N/A       1%          2
 Hailstorm                Conj/Ice       46%        3d11      1%          3
 Confusing Touch          Hex            39%        N/A       2%          3
 Frozen Ramparts          Ice            28%        1d5       5%          3
 Necrotise                Necr           56%        1d6       6%          1
 Sting                    Tmut/Pois      56%        1d5       6%          1
 Summon Small Mammal      Summ           56%        N/A       6%          1
 Petrify                  Tmut/Erth      18%        N/A       43%         4
 Dispel Undead            Necr           14%        3d10      54%         4
 Alistair's Intoxication  Tmut/Pois      9%         N/A       87%         5
 Eringya's Noxious Bog    Tmut/Pois      7%         4d6       90%         6


Dungeon Overview and Level Annotations

Branches:
Dungeon (11/15)            Temple (1/1) D:4           Sewer (visited)
Ossuary (visited)
   Lair: D:8-11         Orc: D:9-12

Altars:
Ashenzari
Cheibriados
Dithmenos
Elyvilon
Fedhas
Gozag
Hepliaklqana
Kikubaaqudgha
Makhleb
Nemelex Xobeh
Okawaru
Qazlal
Ru
Sif Muna
Trog
Uskayaw
Vehumet
Wu Jian
Xom
Yredelemnul
Zin
The Shining One

Shops:
D:4 *

Annotations:
D:9 4 transporters


Message History

Vehumet accepts your kill.
You feel your power returning. The concussive blast engulfs you. You resist.
Casting: Volatile Blastmotes (safe; 1% risk of failure)
Confirm with . or Enter, or press ? or * to list all spells.
A cloud of volatile blastmotes flares up around you!
The centaur hits you with a +0 great sword!
The centaur misses you.
The centaur zaps a wand.
The bolt of light hits you!
The centaur unwields a +0 great sword.
The centaur wields a +0 orcbow.
The centaur shoots an arrow.
The arrow hits you.
The centaur shoots an arrow.
The arrow hits you but does no damage.
Casting: Volatile Blastmotes (safe; 1% risk of failure)
Confirm with . or Enter, or press ? or * to list all spells.
A cloud of volatile blastmotes flares up around you!
The centaur shoots an arrow.
The arrow closely misses you.
The centaur zaps a wand.
The bolt of light hits you!!
You are confused.
The centaur shoots an arrow.
The arrow closely misses you.
You are too injured to fight recklessly!
Unknown command.
Unknown command.
You're too confused to move!
The centaur shoots an arrow.
The arrow misses you.
You bump into the rock wall.
The centaur shoots an arrow.
The arrow hits you.
The centaur shoots an arrow.
The arrow misses you.
You feel better.
The centaur zaps a wand.
The bolt of light hits you!
You are confused.
* * * LOW HITPOINT WARNING * * *
You hear a shout!
The cloud of blastmotes explodes!
The concussive blast engulfs you! You resist.
* * * LOW HITPOINT WARNING * * *
You hear a shout!
The cloud of blastmotes explodes!
The concussive blast engulfs the centaur!
Flame seeps out of the centaur.
The centaur is heavily wounded.
A gnoll comes into view. It is wielding a +0 halberd.
The centaur is engulfed in blazing flames.
Flame seeps out of the centaur.
The centaur zaps a wand.
The bolt of light hits you!
You die...

## #<
#.##.######.#
#............
#####@####.(#
#.# #c### #.g.#
###<#
.......†.......
..$####†##.###.
#.# # ..#


You could see a centaur (inner flame) and a gnoll.

Vanquished Creatures
  3 two-headed ogres (D:9)
  A centaur warrior (D:9)
  Pikel (D:9)
  2 kobold demonologists (D:9)
  Grinder (Sewer)
  A hornet (D:7)
  2 wraiths (D:6)
  3 shadows
  A wyvern (D:8)
  Grum (D:9)
  9 yaks
  A steam dragon (D:8)
  A water moccasin (D:7)
  An ice beast (D:7)
  An orc warrior (D:8)
  3 sky beasts (D:7)
  A black bear (D:8)
  An ogre (D:5)
  3 wolves (D:9)
  6 centaurs
  A phantom (D:4)
  3 lemures (D:9)
  6 kobold brigands
  2 bullfrogs (D:8)
  5 scorpions
  3 wights (D:8)
  6 howler monkeys
  12 killer bees
  An electric eel (D:7)
  3 hounds
  A quasit (Sewer)
  A human zombie (Ossuary)
  8 orc priests
  2 gnoll boudas (D:7)
  2 iguanas
  A sleepcap (D:7)
  8 orc wizards
  4 mummies (Ossuary)
  8 gnolls
  12 adders
  2 shadow imps (Sewer)
  A white imp (D:7)
  5 ufetubi
  2 adder zombies (Ossuary)
  4 dart slugs
  30 orcs
  9 endoplasms
  5 giant cockroaches
  9 goblins
  7 hobgoblins
  8 jackals
  2 quokkas (D:1)
  5 ball pythons
  4 bats
  A goblin zombie (Ossuary)
  2 hobgoblin zombies (Ossuary)
  2 jackal zombies (Ossuary)
  35 kobolds
  4 kobold zombies
  An orc zombie (Ossuary)
  A quokka zombie (D:8)
  3 rats
  3 rat zombies
277 creatures vanquished.

Vanquished Creatures (collateral kills)
  A boulder (D:10)
  A foxfire (D:10)
2 creatures vanquished.

Vanquished Creatures (others)
  A kobold zombie (Sewer)
  3 boulders (D:10)
  592 foxfires
596 creatures vanquished.

Grand Total: 875 creatures vanquished

Notes
Turn   | Place    | Note
-------+----------+-------------------------------------------
     0 | D:1      | bobo the Deep Elf Fire Elementalist began the quest for the
                  | Orb.
     0 | D:1      | Reached XP level 1. HP: 10/10 MP: 6/6
    96 | D:1      | Upgraded the game from 0.31-a0-977-gc230f8ef24 to
                  | 0.31-a0-986-g5e6e4ef867
   203 | D:1      | Reached XP level 2. HP: 15/15 MP: 4/8
   206 | D:1      | Learned a level 2 spell: Scorch
   890 | D:1      | Reached XP level 3. HP: 20/20 MP: 6/9
   978 | D:1      | Learned a level 3 spell: Volatile Blastmotes
  1107 | D:2      | Reached skill level 1 in Fighting
  1263 | D:2      | Reached XP level 4. HP: 25/25 MP: 7/11
  1633 | D:2      | Reached skill level 4 in Fire Magic
  1690 | D:2      | Found a faded altar of an unknown god.
  1893 | D:3      | Learned a level 3 spell: Inner Flame
  2062 | D:3      | Learned a level 1 spell: Freeze
  2321 | D:3      | Found a glowing drain.
  2326 | Sewer    | Entered a sewer
  2467 | Sewer    | Reached XP level 5. HP: 30/30 MP: 2/13
  2577 | Sewer    | Found a burning altar of Makhleb.
  2628 | Sewer    | Reached skill level 1 in Hexes
  2628 | Sewer    | Reached skill level 1 in Translocations
  2814 | Sewer    | Noticed Grinder
  2819 | Sewer    | Paralysed by Grinder for 4 turns
  2820 | Sewer    | Killed Grinder
  2821 | Sewer    | Reached skill level 5 in Spellcasting
  2821 | Sewer    | Reached XP level 6. HP: 36/36 MP: 7/15
  3038 | D:3      | Reached XP level 7. HP: 40/40 MP: 10/16
  3510 | D:4      | Found a staircase to the Ecumenical Temple.
  3519 | Temple   | Entered the Ecumenical Temple
  3539 | Temple   | Became a worshipper of Vehumet
  3570 | D:4      | Reached skill level 5 in Fire Magic
  3813 | D:4      | Found Seeseum's General Store.
  3816 | D:4      | Bought a scroll of identify for 20 gold pieces
  3816 | D:4      | Bought a scroll of identify for 20 gold pieces
  4554 | D:5      | Entered Level 5 of the Dungeon
  5305 | D:5      | Identified the +0 sling "Qiur" {flame, rF+ Will+}
  5461 | D:5      | Reached XP level 8. HP: 46/46 MP: 7/19
  5610 | D:5      | Learned a level 4 spell: Flame Wave
  6072 | D:6      | Reached * piety under Vehumet
  6072 | D:6      | Offered knowledge of Sandblast by Vehumet.
  6232 | D:5      | Reached skill level 5 in Hexes
  6232 | D:5      | Reached skill level 6 in Fire Magic
  6588 | D:6      | Identified the +2 helmet "Lexett" {Str+2 Stlth+}
  7276 | D:7      | Reached skill level 5 in Conjurations
  7276 | D:7      | Reached skill level 7 in Fire Magic
  7281 | D:7      | Reached XP level 9. HP: 52/52 MP: 11/22
  7387 | D:7      | Upgraded the game from 0.31-a0-986-g5e6e4ef867 to
                  | 0.31-a0-1074-g0b22e4e0f1
  8016 | D:8      | Paralysed by a hornet for 3 turns
  8025 | D:7      | HP: 2/52 [hornet (4)]
  8033 | D:7      | Reached skill level 8 in Fire Magic
  8196 | D:7      | Learned a level 1 spell: Sandblast
  8308 | D:8      | Got the Tractate on Discontinuous Shapes
  8312 | D:8      | Found a sand-covered staircase.
  8320 | D:8      | Reached ** piety under Vehumet
  8338 | Ossuary  | Entered an ossuary
  8343 | Ossuary  | Offered knowledge of Searing Ray by Vehumet.
  8355 | Ossuary  | Reached skill level 5 in Fighting
  8355 | Ossuary  | Reached skill level 9 in Fire Magic
  8813 | D:8      | Reached XP level 10. HP: 59/59 MP: 14/25
  9361 | D:8      | Reached skill level 10 in Fire Magic
  9386 | D:9      | Found a transporter.
  9517 | D:9      | Noticed a two-headed ogre
  9526 | D:9      | Killed a two-headed ogre
  9530 | D:9      | Learned a level 2 spell: Searing Ray
  9634 | D:9      | Found a transporter.
  9714 | D:9      | Noticed a two-headed ogre
  9726 | D:9      | Killed a two-headed ogre
  9727 | D:9      | Reached skill level 10 in Spellcasting
  9854 | D:9      | Found a transporter.
  9863 | D:9      | Noticed a two-headed ogre
  9875 | D:9      | Killed a two-headed ogre
  9876 | D:9      | Reached skill level 11 in Fire Magic
  9904 | D:9      | Noticed a centaur warrior
  9910 | D:9      | Killed a centaur warrior
 10001 | D:9      | Learned a level 4 spell: Iskenderun's Mystic Blast
 10132 | D:9      | Offered knowledge of Static Discharge by Vehumet.
 10177 | D:9      | Reached XP level 11. HP: 66/66 MP: 20/27
 10280 | D:9      | Found an ornate altar of the Wu Jian Council.
 10280 | D:9      | Found a blossoming altar of Fedhas.
 10280 | D:9      | Found a hazy altar of Hepliaklqana.
 10286 | D:9      | Found a glowing silver altar of Zin.
 10489 | D:9      | Reached *** piety under Vehumet
 10501 | D:9      | Noticed Grum
 10505 | D:9      | Killed Grum
 10702 | D:9      | Noticed Pikel
 10713 | D:9      | Killed Pikel
 10809 | D:9      | Found a transporter.
 10963 | D:10     | Entered Level 10 of the Dungeon
 11020 | D:10     | Offered knowledge of Brom's Barrelling Boulder by Vehumet.
 11028 | D:9      | Learned a level 4 spell: Brom's Barrelling Boulder
 11752 | D:11     | Reached skill level 1 in Earth Magic
 11804 | D:11     | Reached skill level 12 in Fire Magic
 11818 | D:11     | Killed from afar by a centaur

Illustrated notes

Levels and vault maps discovered:
D:1:      minmay_arrival_doors, layout_basic
D:2:      layout_loops_ring, hellmonk_ecumenical_altar_run_dry
D:3:      layout_basic, portal_sewer_entry_e, st_stairs_1
D:4:      layout_basic, minmay_temple_entry_sparse_star, serial_shops,
          nicolae_shop_tiny_real_fake_doors, amethyst_killhole, st_stairs_3
D:5:      layout_cave_pods, serial_bayou, serial_bayou_pond_c,
          serial_bayou_pond_b, serial_bayou_lake_a, serial_bayou_pond_d,
          serial_bayou_ford_a, serial_bayou_shore_a
D:6:      layout_rooms, hex_intersection
D:7:      layout_loops_ring, kennysheep_generic_room_16
D:8:      layout_basic, enter_ossuary_4
D:9:      layout_irregular_city, grunt_temple_overflow_cloverleaf,
          nicolae_diode_intersection, uniq_pikel, uniq_grum
D:10:     layout_gridville, dreamdust_princess_bridge
D:11:     regret_index_early_branch_jog, layout_loops_ring, lair_entry_dummy,
          orc_0_dummy, nicolae_barding_shop, uniq_psyche
Temple:   compressed_dpeg_circular_temple

Skill      XL: |  1  2  3  4  5  6  7  8  9 10 11 |
---------------+----------------------------------+-----
Fighting       | 1 2 3 4 5 6 7 |  7.1
Conjurations   | 2 3 5 6 |  6.7
Spellcasting   | 4 5 6 7 9 10 11 | 11.5
Fire Magic     | 4 5 7 9 11 12 | 12.0
Hexes          | 2 3 4 5 |  5.0
Translocations | 2 3 4 |  4.0
Earth Magic    | 1 |  1.4
Dodging        | |  2.5
Stealth        | |  2.5

Action                     |  1- 3 |  4- 6 |  7- 9 | 10-12 || total
---------------------------+-------+-------+-------+-------++-------
  Melee: Short sword       |     1 |     1 |       |       ||     2
         Unarmed           |     1 |       |       |       ||     1
         Staff             |       |     5 |     7 |     1 ||    13
         Punch             |       |       |       |     1 ||     1
   Fire: Sling             |       |       |    12 |       ||    12
   Cast: Foxfire           |    48 |    62 |   132 |    98 ||   340
         Scorch            |    11 |    19 |    48 |    13 ||    91
         Inner Flame       |       |     1 |    34 |    21 ||    56
         Volatile Blastmot |       |       |    28 |    23 ||    51
         Flame Wave        |       |       |     4 |     3 ||     7
         Sandblast         |       |       |       |     3 ||     3
         Searing Ray       |       |       |       |     5 ||     5
         Brom's Barrelling |       |       |       |     8 ||     8
         Iskenderun's Myst |       |       |       |     1 ||     1
    Use: Scroll            |       |     5 |    11 |     2 ||    18
         Potion            |       |       |     4 |     1 ||     5
 Armour: Robe              |     1 |     5 |    34 |       ||    40
         Leather armour    |       |       |    39 |    58 ||    97
  Dodge: Dodged            |     3 |    12 |    37 |    33 ||    85

Table legend: (Time is in decaauts)
 A = Elapsed time spent in this place.
 B = Non-inter-level travel time spent in this place.
 C = Inter-level travel time spent in this place.
 D = Time resting spent in this place.
 E = Time spent auto-exploring this place.
 F = Levels seen in this place.
 G = Mean time per level.
                   A        B        C        D        E       F      G
               +--------+--------+--------+--------+--------+-----+--------+
         Total |  11859 |  11361 |    498 |    671 |   8740 |  14 |  847.1 |
       Dungeon |  10968 |  10489 |    479 |    584 |   8277 |  11 |  997.1 |
        Temple |     40 |     21 |     19 |      0 |      0 |   1 |   40.0 |
         Sewer |    568 |    568 |      0 |     87 |    233 |   1 |  568.0 |
       Ossuary |    281 |    281 |      0 |      0 |    230 |   1 |  281.0 |
               +--------+--------+--------+--------+--------+-----+--------+

Top non-repeatable levels by time:
     D:9: 1595 daAuts
     D:7: 1513 daAuts
     D:5: 1349 daAuts
     D:4: 1178 daAuts
     D:1: 1101 daAuts
     D:3: 1023 daAuts
     D:8: 889 daAuts
     D:6: 787 daAuts
     D:2: 785 daAuts
    D:10: 664 daAuts
   Sewer: 568 daAuts
 Ossuary: 281 daAuts
    D:11: 80 daAuts
  Temple: 40 daAuts
